 Dungeon Crawl Stone Soup version 0.24-a0-652-g46ecf6d (webtiles) character file.

Game seed: 15861414201649643437, levelgen mode: deterministic

103320 CanOfBees the Zephyrmancer (level 16, -2/105 HPs)
             Began as a Tengu Air Elementalist on Sept 26, 2019.
             Was the Champion of Dithmenos.
             Killed from afar by a shock serpent (8 damage)
             ... with an electric aura
             ... on level 1 of the Snake Pit on Sept 27, 2019.
             The game lasted 01:55:24 (52054 turns).

CanOfBees the Zephyrmancer (TeAE)                  Turns: 52054, Time: 01:55:24

Health: -2/105     AC: 18    Str: 11    XL:     16   Next: 35%
Magic:  20/29      EV: 19    Int: 22    God:    Dithmenos [******]
Gold:   1855       SH: 13    Dex: 16    Spells: 16/31 levels left

rFire    + . .     SeeInvis +   b - +3 scimitar (flame)
rCold    + . .     Gourm    .   o - +3 shield {AC+3}
rNeg     . . .     Faith    .   C - +0 acid dragon scales (curse)
rPois    .         Spirit   .   O - +0 hat of Death's Door {rF+ rC+}
rElec    .         Reflect  .   (no cloak)
rCorr    +         Harm     .   x - +2 pair of gloves {Str+3}
MR       ++...                  (boots unavailable)
Stlth    +++++++...             (no amulet)
HPRegen  0.27/turn              l - +6 ring of protection
MPRegen  0.21/turn              k - ring of Youthful Indiscretion {MR+ SInv Stlth+}

@: lethally poisoned (-2 -> -2), flying quickly and evasively, wreathed by
umbra, quick
A: beak, talons 3, able to fly
a: Stop Flying, Shadow Step, Shadow Form, Renounce Religion


You were on level 1 of the Snake Pit.
You worshipped Dithmenos.
Dithmenos was exalted by your worship.
You were not hungry.

You visited 4 branches of the dungeon, and saw 24 of its levels.
You also visited: Ice Cave.

You collected 2710 gold pieces.
You spent 855 gold pieces at shops.

Inventory:

Hand Weapons
 a - a +2 falchion of electrocution
 b - a +3 scimitar of flaming (weapon)
 J - a +0 long sword of holy wrath
Missiles
 j - 851 arrows
 u - 128 poisoned darts (quivered)
 z - 7 silver javelins
 I - 4 boomerangs of dispersal
 V - 4 silver boomerangs
Armour
 o - a +3 shield of protection (worn)
 x - a +2 pair of gloves of strength (worn)
 B - the +0 chain mail "Neaw" {+Inv +Fly rElec rF- rN++, unknown}
   (You found it on level 14 of the Dungeon)

   It makes you vulnerable to fire.
   It insulates you from electricity.
   It greatly protects you from negative energy.
   It lets you turn invisible.
   It lets you fly.
 C - cursed +0 acid dragon scales (worn)
 O - the +0 hat of Death's Door (worn) {rF+ rC+}
   (You found it on level 7 of the Dungeon)

   It protects you from fire.
   It protects you from cold.
Jewellery
 k - the ring of Youthful Indiscretion (right hand) {MR+ SInv Stlth+}
   (You took it off a frost giant in an ice cave)

   [ring of see invisible]

   It affects your resistance to hostile enchantments.
   It lets you see invisible.
   It makes you more stealthy.
 l - a +6 ring of protection (left hand)
 m - an uncursed ring of protection from cold
 y - an uncursed ring of positive energy
 K - a +6 ring of protection
 L - an uncursed ring of wizardry
Wands
 f - a wand of polymorph (2)
 t - a wand of flame (29)
 A - a wand of random effects (16)
 F - a wand of disintegration (21)
Scrolls
 g - 9 scrolls of teleportation
 h - 8 scrolls of remove curse
 i - 3 scrolls of blinking
 E - 3 scrolls of fear
 G - 2 scrolls of fog
 M - a scroll of silence
 N - a scroll of magic mapping
 Q - a scroll of vulnerability
Potions
 e - 4 potions of haste
 n - 2 potions of lignification
 q - 2 potions of resistance
 r - 6 potions of curing
 v - 2 potions of brilliance
 w - a potion of magic
 D - 3 potions of cancellation
 P - a potion of agility
 S - a potion of mutation
 T - a potion of berserk rage {unknown}
Miscellaneous
 s - a sack of spiders
 H - a phantom mirror
Comestibles
 c - 9 rations


   Skills:
 + Level 13.6 Fighting
 - Level 8.0 Long Blades
 - Level 10.0 Dodging
 - Level 6.0 Stealth
 + Level 6.9 Shields
 + Level 8.1 Spellcasting
 - Level 12.0 Conjurations
 - Level 3.0 Charms
 - Level 14.0 Air Magic
 - Level 12.0 Invocations


You had 16 spell levels left.
You knew the following spells:

 Your Spells              Type           Power        Failure   Level  Hunger
a - Shock                 Conj/Air       ####         1%          1    None
b - Swiftness             Chrm/Air       #####...     1%          2    None
c - Static Discharge      Conj/Air       ######..     1%          3    None
d - Airstrike             Air            ######....   1%          4    ###....
e - Lightning Bolt        Conj/Air       ######....   4%          5    #####..

Your spell library contained the following spells:

 Spells                   Type           Power        Failure   Level  Hunger
 Stone Arrow              Conj/Erth      #####.       9%          3    None
 Song of Slaying          Chrm           ###.....     14%         2    None
 Beastly Appendage        Tmut           #.....       32%         1    None
 Sandblast                Erth           #.....       32%         1    None
 Passwall                 Tmut/Erth      #.......     45%         2    None
 Sticks to Snakes         Tmut           #.......     45%         2    None
 Sublimation of Blood     Necr           #.........   45%         2    None
 Irradiate                Conj/Tmut      #####.....   61%         5    #####..
 Ignite Poison            Fire/Tmut/Pois #.......     69%         3    None
 Recall                   Summ/Tloc      N/A          69%         3    None
 Spider Form              Tmut/Pois      #.........   69%         3    None
 Animate Dead             Necr           N/A          97%         4    ###....
 Ice Form                 Ice/Tmut       #.......     97%         4    ###....
 Petrify                  Tmut/Erth      #.......     97%         4    ###....
 Alistair's Intoxication  Tmut/Pois      #.......     100%        5    #####..
 Blade Hands              Tmut           #.........   100%        5    #####..
 Borgnjor's Vile Clutch   Necr/Erth      #.........   100%        5    #####..
 Lee's Rapid Deconstruct  Erth           #.........   100%        5    #####..
 Death Channel            Necr           #.........   100%        6    ######.
 Simulacrum               Ice/Necr       #.........   100%        6    ######.
 Haunt                    Necr/Summ      #.........   100%        7    #######
 Borgnjor's Revivificati  Necr           #.........   100%        8    #######
 Death's Door             Chrm/Necr      ###.......   100%        8    #######
 Infestation              Necr           #.........   100%        8    #######
 Necromutation            Tmut/Necr      #.........   100%        8    #######


Dungeon Overview and Level Annotations

Branches:
Dungeon (15/15)            Temple (0/1) D:6            Lair (6/6) D:11
 Shoals (0/4) Lair:3        Snake (1/4) Lair:4        Slime (0/5) Lair:6
    Orc (2/2) D:10            Elf (0/3) Orc:2        Depths (0/5) D:15
  IceCv (visited)
 Vaults: D:13-14

Altars:
Cheibriados
Dithmenos
Makhleb
Okawaru
Sif Muna
Vehumet
Beogh

Shops:
D:4 [%   D:9 *   D:11 :   D:12 [   D:13 :   Orc:2 *!=((

Annotations:
D:8 3 runed translucent doors, dragnorr's ghost, novice MiBe
D:14 Roxanne
D:15 Laraso's ghost, adept DrSu
Lair:1 3 runed translucent doors, Ankofyko's ghost, journeyman TrMo; Haewkeok's ghost, journeyman SpEn; Seor's ghost, journeyman DEWz; Tyimopn's ghost, journeyman OpGl; Vireyriq's ghost, journeyman TrMo
Lair:5 exclusion: 3 oklob plants


Innate Abilities, Weirdness & Mutations

You have a beak for a mouth.
You have claws for feet.
You can fly continuously.


Message History

The shock serpent is severely wounded.
The shock serpent's electric aura discharges, shocking you!
* * * LOW HITPOINT WARNING * * *
Wield which item (- for none, * to show all)? (? for menu, Esc to quit)
Okay, then.
Evoke which item? (* to show all) (? for menu, Esc to quit)
Okay, then.
Casting: Static Discharge (safe; 1% risk of failure)
Confirm with . or Enter, or press ? or * to list all spells.
Aiming: Airstrike (safe; 1% risk of failure)
Press: ? - help, Dir - move target cursor, f/p - shock serpent
Aim: a shock serpent (black smoke, severely wounded, umbra)
The air twists around and strikes the shock serpent!
The shock serpent is almost dead.
Your shadow mimicks your spell!
The shadow shard hits the shock serpent!!
You kill the shock serpent!
Dithmenos accepts your kill.
The air sparks with electricity, shocking you!
You die...

# ########## ##.# ##
###.....##.####.## .#
##........##.##..### ##
#........###.#.....# ##
#........###.[.....## .#
#........##.........# .##
#.....N§##N§§§§....##
..#####.N..§.§§#§N§§....###
#....##...#..§##@§(§..(<..#
.....^...##.§###§§§§....#.#
†.......##..[####..§.....##
......#........########.##
......#.........## ##.##
.....###.........####..#
.....#.#............##.##
.....#............####..##
....##..N..........# #.#.##


You could see a nagaraja and a naga.

Vanquished Creatures
  A nagaraja (Snake:1)
  An orc warlord (D:10)
  A frost giant (IceCv)
  Louise (Snake:1)
  2 entropy weavers
  A dire elephant (Lair:5)
  A fire dragon (D:14)
  Josephine (Orc:2)
  2 ice dragons (D:15)
  3 naga warriors (Snake:1)
  Erica (Lair:1)
  An anaconda (Snake:1)
  3 hydras
  A death knight (D:13)
  16 two-headed ogres
  2 ogre magi (D:15)
  A death yak (IceCv)
  5 centaur warriors
  A merfolk avatar (Lair:6)
  3 naga sharpshooters (Snake:1)
  A queen ant (Lair:4)
  A shock serpent (Snake:1)
  An unseen horror (D:15)
  2 skeletal warriors (D:13)
  2 naga ritualists (Snake:1)
  An orc knight (Orc:1)
  4 deep elf magi
  A necromancer (Lair:2)
  4 cyclopes
  Pikel (D:7)
  3 mana vipers (Snake:1)
  7 orc sorcerers
  6 manticores
  7 black mambas
  2 gargoyles
  An ice statue (IceCv)
  3 elephants
  An eye of devastation (Lair:6)
  A torpor snail (Lair:3)
  Joseph (D:7)
  3 centaur skeletons
  10 spiny frogs
  2 freezing wraiths
  4 rime drakes
  An efreet (D:14)
  A kobold demonologist (D:14)
  13 komodo dragons
  7 trolls
  3 meliai (D:15)
  5 tyrant leeches (Lair:3)
  Grinder (D:4)
  13 polar bears
  Prince Ribbit (Lair:2)
  2 hornets
  4 slime creatures (D:13)
  5 blink frogs
  4 dream sheep
  12 hippogriffs
  4 water elementals (D:13)
  Sigmund (D:3)
  59 yaks
  6 wyverns
  Eustachio (D:6)
  4 wraiths
  A human (D:10)
  3 hogs (D:10)
  2 basilisks
  3 hungry ghosts
  A steam dragon (D:13)
  Edmund (D:4)
  8 wargs
  5 nagas
  3 swamp worms (Lair:3)
  28 soldier ants
  16 water moccasins
  2 acid dragons
  3 porcupines (Lair:5)
  A floating eye (Orc:1)
  23 orc warriors
  4 slaves (D:7)
  6 sky beasts
  3 black bears
  5 ice beasts
  An eye of draining (Lair:6)
  A necrophage (D:5)
  8 ogres
  19 wolves
  23 centaurs
  18 crocodiles
  A big kobold (D:8)
  19 bullfrogs
  4 scorpions
  11 killer bees
  5 wights (D:10)
  5 electric eels
  5 crimson imps
  6 centaur zombies
  2 howler monkeys
  A bullfrog zombie (D:7)
  7 hounds
  4 jellies
  49 orc wizards
  13 orc priests
  3 bullfrog skeletons
  Ijyb (D:3)
  2 iguanas
  Terence (D:2)
  26 worker ants
  5 yak simulacra (Lair:2)
  3 polar bear simulacra (Lair:2)
  A killer bee zombie (D:7)
  A wolf simulacrum (Lair:2)
  Robin (D:4)
  12 adders
  3 howler monkey skeletons
  4 shadow imps
  12 white imps (Lair:1)
  An ooze (D:4)
  An adder skeleton (D:8)
  2 worms (D:2)
  2 dart slugs
  3 leopard geckos
  121 orcs
  A ball python (D:5)
  8 bats
  4 giant cockroaches
  17 goblins
  12 hobgoblins
  9 jackals
  11 kobolds
  7 quokkas
  A ball python skeleton (D:5)
  2 frilled lizards
  A quokka skeleton (D:7)
  3 rats (D:1)
  2 river rat simulacra (Lair:2)
  3 plants
870 creatures vanquished.

Vanquished Creatures (collateral kills)
  2 orcs (Orc:1)
2 creatures vanquished.

Vanquished Creatures (others)
  2 death yaks (IceCv)
  4 polar bears (IceCv)
  A human (D:14)
  3 yaks (IceCv)
  A wolf (IceCv)
  A centaur (D:13)
  A hobgoblin (D:4)
  12 fungi
  15 plants
40 creatures vanquished.

Grand Total: 912 creatures vanquished

Notes
Turn   | Place    | Note
-------+----------+-------------------------------------------
     0 | D:1      | CanOfBees the Tengu Air Elementalist began the quest for
                  | the Orb.
     0 | D:1      | Reached XP level 1. HP: 10/10 MP: 4/4
    96 | D:1      | Reached XP level 2. HP: 16/16 MP: 1/6
   468 | D:1      | Learned a level 2 spell: Swiftness
   720 | D:1      | Reached XP level 3. HP: 20/20 MP: 4/7
   996 | D:1      | Reached skill level 1 in Fighting
  1126 | D:1      | Learned a level 3 spell: Static Discharge
  1839 | D:2      | Reached XP level 4. HP: 25/25 MP: 2/8
  2393 | D:2      | Found a shadowy altar of Dithmenos.
  2411 | D:2      | Became a worshipper of Dithmenos the Shadowed
  2666 | D:3      | Noticed Sigmund
  2706 | D:3      | Noticed Terence
  2720 | D:2      | Killed Terence
  2720 | D:2      | Gained mutation: You can fly continuously. [Tengu growth]
  2720 | D:2      | Reached XP level 5. HP: 19/30 MP: 2/10
  3257 | D:3      | Reached skill level 5 in Air Magic
  3346 | D:3      | Found an iron altar of Okawaru.
  3472 | D:3      | Noticed Ijyb
  3487 | D:3      | Paralysed by Ijyb for 2 turns
  3491 | D:3      | Killed Sigmund
  3491 | D:3      | Reached XP level 6. HP: 31/36 MP: 10/12
  3492 | D:3      | Killed Ijyb
  3787 | D:3      | Learned a level 4 spell: Airstrike
  4110 | D:4      | Reached * piety under Dithmenos
  4275 | D:4      | Found Alaxtir's Food Boutique.
  4425 | D:4      | Found a shimmering blue altar of Sif Muna.
  4435 | D:4      | Reached XP level 7. HP: 41/41 MP: 8/13
  4562 | D:4      | Noticed Edmund
  4578 | D:4      | Killed Edmund
  4578 | D:4      | Reached skill level 6 in Air Magic
  4636 | D:4      | Noticed Robin
  4657 | D:4      | Killed Robin
  4826 | D:4      | Noticed Grinder
  4843 | D:4      | Killed Grinder
  4843 | D:4      | Reached skill level 5 in Conjurations
  5055 | D:4      | Found Sopighal's Armour Shoppe.
  5220 | D:4      | Reached skill level 7 in Air Magic
  5220 | D:4      | Reached XP level 8. HP: 48/48 MP: 10/15
  5293 | D:4      | Reached skill level 1 in Invocations
  5574 | D:5      | Entered Level 5 of the Dungeon
  5638 | D:5      | Found a snail-covered altar of Cheibriados.
  6038 | D:5      | Reached skill level 5 in Fighting
  6038 | D:5      | Reached skill level 8 in Air Magic
  6180 | D:5      | Reached ** piety under Dithmenos
  6548 | D:6      | Noticed Eustachio
  6554 | D:6      | Killed Eustachio
  6554 | D:6      | Reached XP level 9. HP: 49/54 MP: 0/16
  6700 | D:6      | You are sucked into a shaft and drop 2 floors!
  6945 | D:6      | Found a staircase to the Ecumenical Temple.
  7270 | D:6      | Reached skill level 9 in Air Magic
  7563 | D:6      | Noticed a deep elf mage
  7588 | D:6      | Killed a deep elf mage
  7588 | D:6      | Reached skill level 1 in Charms
  7843 | D:6      | Learned a level 5 spell: Lightning Bolt
  7896 | D:4      | Bought a +1 pair of gloves of strength for 214 gold pieces
  7985 | D:7      | Reached skill level 10 in Air Magic
  8073 | D:7      | Reached skill level 1 in Long Blades
  8137 | D:7      | Got an ichor-stained long sword
  8146 | D:7      | Got a heavily runed hat
  8148 | D:7      | Identified the cursed +0 long sword of the Big Fish {slice,
                  | rF+} (You found it on level 7 of the Dungeon)
  8149 | D:7      | Identified the +0 hat of Death's Door {rF+ rC+} (You found
                  | it on level 7 of the Dungeon)
  8388 | D:7      | Noticed Joseph
  8404 | D:7      | Killed Joseph
  8404 | D:7      | Reached XP level 10. HP: 43/61 MP: 17/17
  8678 | D:7      | Noticed Pikel
  8915 | D:7      | Killed Pikel
  9516 | D:8      | Reached skill level 5 in Spellcasting
  9566 | D:8      | Found a runed translucent gate.
  9566 | D:8      | Found a runed translucent gate.
  9566 | D:8      | Noticed dragnorr's ghost (novice MiBe)
  9567 | D:8      | Found a runed translucent gate.
  9965 | D:8      | Reached *** piety under Dithmenos
 10838 | D:9      | Found Oryiz's General Store.
 10843 | D:9      | Bought a scroll of identify for 30 gold pieces
 10843 | D:9      | Bought a scroll of magic mapping for 52 gold pieces
 11124 | D:9      | Reached skill level 5 in Dodging
 11212 | D:9      | Noticed a two-headed ogre
 11234 | D:9      | Killed a two-headed ogre
 11682 | D:9      | You are sucked into a shaft and drop 1 floor!
 11682 | D:10     | Entered Level 10 of the Dungeon
 11714 | D:10     | Reached XP level 11. HP: 59/68 MP: 6/22
 12210 | D:10     | Found a burning altar of Makhleb.
 12342 | D:10     | Reached **** piety under Dithmenos
 13166 | D:10     | Found a staircase to the Orcish Mines.
 13305 | D:10     | Found a roughly hewn altar of Beogh.
 13683 | D:11     | Noticed a manticore
 13691 | D:11     | Killed a manticore
 13718 | D:11     | Reached ***** piety under Dithmenos
 14042 | D:10     | Reached skill level 5 in Invocations
 14236 | D:11     | Noticed a deep elf mage
 14360 | D:11     | Found a staircase to the Lair.
 14572 | D:11     | Noticed a manticore
 14576 | D:11     | Killed a manticore
 14909 | D:10     | Reached skill level 5 in Stealth
 15125 | D:11     | Killed a deep elf mage
 15125 | D:11     | Reached XP level 12. HP: 69/76 MP: 9/25
 15544 | D:11     | Reached skill level 11 in Air Magic
 15997 | D:11     | Found Viva's Book Emporium.
 16208 | Lair:1   | Entered Level 1 of the Lair of Beasts
 16233 | Lair:1   | Found a frozen archway.
 16279 | IceCv    | Entered an ice cave
 17878 | IceCv    | Reached skill level 5 in Long Blades
 18015 | IceCv    | Noticed a death yak
 18046 | IceCv    | Killed a death yak
 18466 | IceCv    | Noticed a death yak
 18466 | IceCv    | Noticed a frost giant
 18466 | IceCv    | Noticed a death yak
 18470 | IceCv    | Reached skill level 10 in Fighting
 18479 | IceCv    | Killed a death yak
 18810 | IceCv    | Identified the ring of Youthful Indiscretion {MR+ SInv
                  | Stlth+}
 19141 | IceCv    | Killed a frost giant
 19141 | IceCv    | Reached XP level 13. HP: 45/82 MP: 4/26
 19869 | Lair:1   | Found a runed translucent gate.
 19869 | Lair:1   | Found a runed translucent gate.
 19869 | Lair:1   | Found a runed translucent gate.
 19870 | Lair:1   | Noticed Haewkeok's ghost (journeyman SpEn)
 19870 | Lair:1   | Noticed Seor's ghost (journeyman DEWz)
 19871 | Lair:1   | Noticed Tyimopn's ghost (journeyman OpGl)
 19871 | Lair:1   | Noticed Vireyriq's ghost (journeyman TrMo)
 19872 | Lair:1   | Noticed Ankofyko's ghost (journeyman TrMo)
 19885 | Lair:1   | Reached skill level 12 in Air Magic
 20690 | Lair:1   | Noticed Erica
 20885 | Lair:1   | Got a slimy quick blade
 20975 | Lair:1   | Killed Erica
 21866 | Lair:1   | Found a runed translucent gate.
 21867 | Lair:1   | Found a runed translucent gate.
 21867 | Lair:1   | Found a runed translucent gate.
 21999 | Lair:1   | Identified the +7 quick blade of the End {drain, Stlth+}
                  | (You found it on level 1 of the Lair of Beasts)
 22116 | Lair:2   | Found a radiant altar of Vehumet.
 22262 | Lair:2   | Reached skill level 10 in Conjurations
 22311 | Lair:2   | Noticed Prince Ribbit
 22322 | Lair:2   | Killed Prince Ribbit
 24461 | Lair:3   | Found a staircase to the Shoals.
 24594 | Lair:3   | Reached ****** piety under Dithmenos
 26685 | Lair:4   | Noticed an entropy weaver
 26736 | Lair:3   | Killed an entropy weaver
 27104 | Lair:4   | Reached skill level 13 in Air Magic
 27270 | Lair:4   | Noticed an entropy weaver
 27280 | Lair:4   | Found a staircase to the Snake Pit.
 27303 | Lair:4   | Killed an entropy weaver
 27972 | Lair:4   | Reached XP level 14. HP: 90/90 MP: 18/27
 29016 | Lair:4   | Identified a scroll of acquirement
 31135 | Lair:6   | Entered Level 6 of the Lair of Beasts
 31936 | Lair:6   | Noticed a dire elephant
 32139 | Lair:5   | Killed a dire elephant
 32139 | Lair:5   | Reached skill level 14 in Air Magic
 34064 | Lair:6   | Found a staircase to the Slime Pits.
 34574 | Lair:6   | Identified Ogeevu's Volume of Protection and Shape Shifting
 35862 | D:12     | Found Adihef's Antique Armour Boutique.
 35871 | D:12     | Bought a runed shield for 195 gold pieces
 35871 | D:12     | Bought a heavily jewelled robe for 148 gold pieces
 36278 | D:13     | Found Zaicwuovesh's Book Shop.
 36709 | D:13     | Identified the cursed +2 falchion "Uricuy" {elec, rF++}
 36716 | D:13     | Reached skill level 1 in Shields
 37207 | D:13     | Reached XP level 15. HP: 93/96 MP: 20/28
 38481 | D:14     | Got an encrusted chain mail
 38534 | D:14     | Reached skill level 10 in Dodging
 39948 | D:14     | Identified Roxanne's Incunabulum of Transformation
 39948 | D:14     | Noticed Roxanne
 40813 | D:15     | Entered Level 15 of the Dungeon
 40983 | D:15     | Reached skill level 10 in Invocations
 42964 | D:15     | Reached skill level 5 in Shields
 43294 | D:15     | Noticed Laraso's ghost (adept DrSu)
 43296 | D:15     | Found a transporter.
 43303 | D:15     | Noticed a tengu reaver
 43318 | D:15     | Found a transporter.
 43710 | D:15     | Found a staircase to the Depths.
 44285 | Orc:1    | Entered Level 1 of the Orcish Mines
 44290 | Orc:1    | Paralysed by an orc sorcerer for 6 turns
 44526 | Orc:1    | Found a roughly hewn altar of Beogh.
 44676 | Orc:1    | Noticed an orc warlord
 44783 | D:10     | Killed an orc warlord
 45739 | Orc:2    | Entered Level 2 of the Orcish Mines
 45742 | Orc:2    | Found a staircase to the Elven Halls.
 45758 | Orc:2    | Noticed Josephine
 45878 | Orc:2    | Killed Josephine
 47279 | Orc:2    | Reached XP level 16. HP: 102/104 MP: 21/29
 48108 | Orc:2    | Found Yblab's General Store.
 48114 | Orc:2    | Bought a scroll of silence for 82 gold pieces
 48114 | Orc:2    | Bought a scroll of fog for 22 gold pieces
 48915 | Orc:2    | Found Mithealei's Jewellery Shop.
 48915 | Orc:2    | Found Giminn's Distillery.
 48921 | Orc:2    | Bought a potion of magic for 112 gold pieces
 48987 | Orc:2    | Found a roughly hewn altar of Beogh.
 49115 | Orc:2    | Found Qoafem's Antique Weapon Shop.
 49115 | Orc:2    | Found Ristuss's Weapon Emporium.
 49485 | D:15     | Identified the +2 robe of Uskayaw's Envy {rC+ Regen+ Int-3
                  | SInv} (You bought it in a shop on level 12 of the Dungeon)
 49773 | Snake:1  | Entered Level 1 of the Snake Pit
 50796 | Snake:1  | Noticed a nagaraja
 50862 | Snake:1  | HP: 5/104 [/static electricity (1)]
 50862 | Snake:1  | Killed a nagaraja
 50862 | Snake:1  | HP: 2/104 [/static electricity (3)]
 51380 | Snake:1  | Noticed Louise
 51440 | Snake:1  | Killed Louise
 52047 | Snake:1  | Noticed a nagaraja
 52054 | Snake:1  | Killed from afar by a shock serpent

Levels and vault maps discovered:
D:1:      wander_arrival_fairy_ring, layout_rooms, kennysheep_boxes
D:2:      layout_basic, overflow_temple_1_default, first_ration
D:3:      layout_rooms, lemuel_doored_altar, uniq_terence, uniq_sigmund,
          uniq_ijyb
D:4:      layout_gridville, kennysheep_mini, serial_shops,
          nicolae_shop_temple_entry_statues_fountains, kennysheep_mini_moat,
          uniq_edmund, uniq_robin, uniq_grinder
D:5:      layout_cave_pools, lemuel_crystal_altar
D:6:      cheibrodos_barr_body, layout_basic, minmay_temple_entry_crystal_x,
          guppyfry_early_elven_hall, uniq_eustachio
D:7:      layout_loops_cross, minmay_circle_x, uniq_joseph, uniq_pikel
D:8:      layout_loops_ring, ebering_ghost_rock_garden,
          hangedman_abyss_or_decor_jellyfish_corner
D:9:      layout_basic, serial_shops, kennysheep_little_box
D:10:     layout_cave_pools, minmay_orc_entry_temple_small, grunt_livestock,
          bloody_makhleb
D:11:     layout_rooms, david_lair_generic, serial_shops,
          nicolae_shop_behind_doors
D:12:     layout_cross, serial_shops, nicolae_shop_waterfront
D:13:     erik_rubicon_b, layout_cave_pools, serial_shops, nicolae_shop_trees
D:14:     layout_basic, ximxim_vaults_locker_room, minmay_misc_feat_chi,
          hangedman_abyss_or_decor_lesser_grid, uniq_roxanne
D:15:     grunt_enter_depths_hoard, layout_basic, gammafunk_ghost_arena,
          columned_hall_lemuel
Lair:1:   layout_long_grid, gammafunk_ghost_cemetery,
          portal_ice_cave_entry_imps, uniq_erica
Lair:2:   layout_regular_city, basic_altar, eino_house_with_fridge,
          uniq_prince_ribbit2
Lair:3:   layout_gridlike, minmay_shoals_entry_beasts, worms_lemuel,
          infiniplex_staircase_pool
Lair:4:   layout_layer_cave, minmay_snake_entry_guardpost_small, zaba_anthell
Lair:5:   dpeg_oklob_gauntlet, layout_small_grid
Lair:6:   gammafunk_lair_ancient_temple, layout_gridlike,
          minmay_slime_entry_eyes, serial_bayou_lake_a, serial_bayou_shore_b
Snake:1:  layout_chambers, grunt_ministairs_11, uniq_aizul, uniq_louise
Orc:1:    layout_diamond_mine, basic_altar
Orc:2:    st_orc_town, layout_diamond_mine, serial_shops, shop,
          nicolae_orc_sculptors_studio, uniq_josephine

Skill      XL: |  1  2  3  4  5  6  7  8  9 10 11 12 13 14 15 16 |
---------------+-------------------------------------------------+-----
Conjurations   | 2 3 4 5 6 7 9 12 | 12.0
Fighting       | 1 2 3 4 5 6 8 9 10 11 12 13 | 13.6
Dodging        | 3 4 5 6 9 10 | 10.0
Air Magic      | 5 7 8 10 11 13 14 | 14.0
Spellcasting   | 3 4 6 8 |  8.1
Invocations    | 4 5 7 8 9 11 12 | 12.0
Charms         | 3 |  3.0
Long Blades    | 2 4 5 7 8 |  8.0
Stealth        | 5 6 |  6.0
Shields        | 1 5 6 |  6.9

Action                   |  1- 3 |  4- 6 |  7- 9 | 10-12 | 13-15 | 16-18 || total
-------------------------+-------+-------+-------+-------+-------+-------++-------
Melee: Dagger            |    31 |    22 |    64 |       |       |       ||   117
       Kick              |     6 |    10 |    51 |   179 |   263 |    33 ||   542
       Peck              |     4 |     6 |    27 |   111 |   157 |    12 ||   317
       Unarmed           |     2 |       |       |       |       |       ||     2
       Long sword        |       |    14 |    23 |    27 |    23 |       ||    87
       Hand axe          |       |    12 |    47 |    12 |       |       ||    71
       Falchion          |       |       |    50 |   411 |   491 |    96 ||  1048
       Scimitar          |       |       |       |       |   160 |       ||   160
Throw: Dart              |       |       |       |     2 |   173 |       ||   175
       Javelin           |       |       |       |       |     5 |       ||     5
 Cast: Shock             |    70 |    74 |    85 |   139 |   169 |    10 ||   547
       Static Discharge  |       |     4 |    18 |    66 |   122 |    31 ||   241
       Airstrike         |       |       |     4 |    43 |   254 |    75 ||   376
       Lightning Bolt    |       |       |       |     8 |    94 |     8 ||   110
       Swiftness         |       |       |       |       |     2 |       ||     2
 Abil: Fly               |       |     1 |       |       |       |       ||     1
Evoke: Wand              |       |       |     3 |    14 |    39 |     6 ||    62
       Sack of spiders   |       |       |       |       |     6 |       ||     6
  Use: Scroll            |     1 |     4 |    10 |    14 |    18 |     1 ||    48
       Potion            |       |     2 |     3 |     6 |     5 |     3 ||    19
 Stab: Invisible         |       |     2 |     3 |       |       |       ||     5
       Sleeping          |       |       |     3 |     3 |     5 |       ||    11
       Paralysed         |       |       |     2 |    15 |       |       ||    17
       Confused          |       |       |       |     2 |       |       ||     2
  Eat: Chunk             |     4 |     5 |    11 |    25 |    75 |    11 ||   131
       Ration            |       |     1 |     1 |     5 |    16 |     4 ||    27
Armor: Robe              |    14 |     9 |    55 |       |       |       ||    78
       Skin              |       |     3 |    13 |       |       |       ||    16
       Ring mail         |       |       |     8 |   264 |    70 |       ||   342
       Acid dragon scale |       |       |       |       |   187 |    31 ||   218
Dodge: Dodged            |    33 |    47 |   177 |   573 |   722 |    68 ||  1620
Block: Shield            |       |       |       |       |   273 |    93 ||   366
       Rpst.: Long sword |       |     3 |     8 |    12 |     5 |       ||    28
       Falchion          |       |       |    16 |   127 |   136 |    14 ||   293
       Scimitar          |       |       |       |       |    35 |     1 ||    36

Table legend:
 A = Non-vault XP
 B = Vault XP
 C = Vault XP percentage of total XP
 D = Non-vault monster count
 E = Vault monster count
 F = Vault count percentage of total count
                 A         B        C        D         E       F
            +---------+---------+-------+---------+---------+-------
      Total |   98208 |   49392 |  33.5 |     585 |     289 |  33.1
            +---------+---------+-------+---------+---------+-------
        D:1 |      39 |       0 |   0.0 |      22 |       0 |   0.0
        D:2 |     117 |      36 |  23.5 |      22 |       1 |   4.3
        D:3 |      40 |     259 |  86.6 |      15 |       2 |  11.8
        D:4 |     610 |     500 |  45.0 |      23 |      15 |  39.5
        D:5 |     616 |       0 |   0.0 |      22 |       0 |   0.0
        D:6 |     241 |    1102 |  82.1 |       9 |       9 |  50.0
        D:7 |    1250 |    1132 |  47.5 |      18 |       4 |  18.2
        D:8 |     894 |       0 |   0.0 |      22 |       0 |   0.0
        D:9 |    2562 |       0 |   0.0 |      20 |       0 |   0.0
       D:10 |    5260 |    1730 |  24.7 |      33 |      18 |  35.3
       D:11 |    6869 |     549 |   7.4 |      44 |       3 |   6.4
       D:12 |    2824 |       0 |   0.0 |      20 |       0 |   0.0
       D:13 |   10492 |       0 |   0.0 |      42 |       0 |   0.0
       D:14 |   10036 |       0 |   0.0 |      38 |       0 |   0.0
       D:15 |   16082 |    1794 |  10.0 |      36 |       2 |   5.3
     Lair:1 |    4146 |    1063 |  20.4 |      22 |      13 |  37.1
     Lair:2 |    2242 |    1688 |  43.0 |      13 |      15 |  53.6
     Lair:3 |    1923 |    4171 |  68.4 |      12 |      12 |  50.0
     Lair:4 |    2898 |    7350 |  71.7 |      11 |      50 |  82.0
     Lair:5 |    5651 |    1194 |  17.4 |      25 |       3 |  10.7
     Lair:6 |    4826 |    7876 |  62.0 |      23 |      24 |  51.1
    Snake:1 |   13304 |    1350 |   9.2 |      21 |       1 |   4.5
      Orc:1 |    3358 |     794 |  19.1 |      49 |       4 |   7.5
      Orc:2 |    1928 |    5254 |  73.2 |      23 |      63 |  73.3
      IceCv |       0 |   11550 | 100.0 |       0 |      50 | 100.0
            +---------+---------+-------+---------+---------+-------
